 Dungeon Crawl Stone Soup version 0.24-a0-725-gf1a930fc54 (webtiles) character file.

Game seed: 9231377680651744414, levelgen mode: deterministic

41 Kohma the Chopper (level 3, 0/31 HPs)
             Began as a Hill Orc Abyssal Knight on Oct 1, 2019.
             Was a Follower of Lugonu.
             Succumbed to an adder's poison
             ... on level 1 of the Dungeon.
             The game lasted 00:02:28 (1133 turns).

Kohma the Chopper (Hill Orc Abyssal Knight)         Turns: 1133, Time: 00:02:29

Health: 0/31       AC:  3    Str: 15    XL:     3   Next: 52%
Magic:  5/5        EV: 11    Int: 12    God:    Lugonu [*.....]
Gold:   102        SH:  0    Dex: 10    Spells: 2/2 levels left

rFire    . . .     SeeInvis .   a - +1 hand axe
rCold    . . .     Gourm    .   (no shield)
rNeg     . . .     Faith    .   b - +0 leather armour
rPois    .         Spirit   .   (no helmet)
rElec    .         Reflect  .   (no cloak)
rCorr    .         Harm     .   (no gloves)
MR       .....                  (no boots)
Stlth    +.........             (no amulet)
HPRegen  0.10/turn              (no ring)
MPRegen  0.09/turn              (no ring)

@: lethally poisoned (0 -> -3)
A: no striking features
a: Depart the Abyss, Renounce Religion


You were on level 1 of the Dungeon.
You worshipped Lugonu.
Lugonu was aware of your devotion.
You were not hungry.

You visited 1 branch of the dungeon, and saw 2 of its levels.
You visited the Abyss 1 time.

You collected 102 gold pieces.

Inventory:

Hand Weapons
 a - a +1 hand axe (weapon)
Missiles
 d - 21 stones
 e - 7 javelins (quivered)
Armour
 b - a +0 leather armour (worn)
 f - a +0 plate armour
 n - a +0 scale mail
Scrolls
 g - a scroll of enchant armour {unknown}
 l - a scroll of teleportation {unknown}
 m - a scroll of immolation {unknown}
Potions
 h - a potion of berserk rage {unknown}
 j - a potion of haste {unknown}
 k - 2 potions of agility {unknown}
Comestibles
 c - 2 rations
 i - 5 chunks of flesh


   Skills:
 - Level 3.6 Fighting
 * Level 4.4 Axes
 - Level 2.1 Armour
 - Level 0.7 Dodging
 + Level 3.4 Invocations


You had 2 spell levels left.
You didn't know any spells.
Your spell library was empty.

Dungeon Overview and Level Annotations

Branches:
Dungeon (2/15)

Altars:
Nemelex Xobeh

Annotations:
D:2 Terence


Message History

The bat hits you but does no damage. The adder barely misses you.
The bat hits you.
* * * LOW HITPOINT WARNING * * *
The adder barely misses you. The bat misses you. The bat closely misses you.
The adder bites you.
* * * LOW HITPOINT WARNING * * *
You are lethally poisoned!
The adder poisons you!
* * * LOW HITPOINT WARNING * * *
You feel sick.
Some of the chunks of flesh in your inventory have rotted away.
The bat misses you.
There is a stone staircase leading up here.
The giant cockroach closely misses you. The adder bites you but does no damage.
The bat barely misses you. The frilled lizard bites you.
* * * LOW HITPOINT WARNING * * *
The giant cockroach barely misses you.
You climb upwards.
You die...

..>#. ..#.## ### # ###
#...=# #..# . ..# # #....#
#..# #####.#.#####...?# #..#
#.....#..........######.#..#
#.......####.....s......#..#
#..............l@S#
#####..######
#.#####.####.##.#.#
#...........# ....## # ...
.# #.###..####.# .....#
..#.. .# #......##.#
.....##.# ####.. .#
#....####.# ........# .. ...
.# #.......#.# ....#####.#
.#.# .# #.......#..
......รท...# ... .#
#..###..### ###.#####......
#.........#


You could see an adder, a giant cockroach and a frilled lizard.

Vanquished Creatures
  An adder (D:2)
  A worm (D:2)
  2 dart slugs
  2 giant cockroaches
  3 goblins
  3 hobgoblins
  2 jackals (D:1)
  A bat (D:1)
  2 frilled lizards
  5 kobolds (D:2)
  3 rats
25 creatures vanquished.

Notes
Turn   | Place    | Note
-------+----------+-------------------------------------------
     0 | Abyss:1  | Kohma the Hill Orc Abyssal Knight began the quest for the
                  | Orb.
     0 | Abyss:1  | Reached XP level 1. HP: 19/19 MP: 2/2
   125 | Abyss:1  | Noticed an orange demon
   173 | Abyss:1  | Noticed a small abomination
   185 | D:1      | Escaped the Abyss
   502 | D:1      | Reached skill level 3 in Axes
   528 | D:1      | Reached * piety under Lugonu
   552 | D:1      | Reached XP level 2. HP: 14/26 MP: 4/4
   863 | D:1      | You fall into a shaft and drop 1 floor!
   868 | D:2      | Reached skill level 4 in Axes
   868 | D:2      | Reached XP level 3. HP: 31/31 MP: 5/5
   989 | D:2      | Found a sparkling altar of Nemelex Xobeh.
  1065 | D:2      | Noticed Terence
  1132 | D:2      | HP: 1/31 [frilled lizard (1)]
  1133 | D:1      | Succumbed to an adder's poison

Levels and vault maps discovered:
D:1:      lemuel_arrival_broad_hall, layout_basic
D:2:      layout_rooms, bloody_makhleb, nicolae_overflow_crystal_walls,
          first_ration, nemelex_xobeh_ov_fountains_minmay, uniq_terence

Skill      XL: |  1  2 |
---------------+-------+-----
Axes           | 3 4 |  4.4
Invocations    | 3 |  3.4
Fighting       | |  3.6
Armour         | |  2.1
Dodging        | |  0.7

Action                   || total
-------------------------++-------
Melee: Hand axe          ||    84
Invok: Depart the Abyss  ||     1
  Eat: Chunk             ||     1
Armor: Leather armour    ||    34
Dodge: Dodged            ||    68

Table legend:
 A = Non-vault XP
 B = Vault XP
 C = Vault XP percentage of total XP
 D = Non-vault monster count
 E = Vault monster count
 F = Vault count percentage of total count
                 A         B        C        D         E       F
            +---------+---------+-------+---------+---------+-------
      Total |      59 |       0 |   0.0 |      25 |       0 |   0.0
            +---------+---------+-------+---------+---------+-------
        D:1 |      19 |       0 |   0.0 |      10 |       0 |   0.0
        D:2 |      40 |       0 |   0.0 |      15 |       0 |   0.0
            +---------+---------+-------+---------+---------+-------
